MWL (24 & UNDER)
MANHATTEN MEATHEADS @ CINCINNATI PRIDE
06/09/2024
 
TOP OF THE 1ST
Manhatten Meatheads batting - Pitching for Cincinnati Pride : RHP Tomás Pagán
Pitching: RHP Tomás Pagán
Batting: SHB Will Evans 0-0: Foul Ball, location: 2F
0-1: DOUBLE (Flyball, 8LM)
Batting: SHB Vitaliano Capuana 0-0: Hit by Pitch
Batting: RHB Claudio Gonzáles 0-0: Ball
Will Evans is caught stealing 3rd base
Vitaliano Capuana to second
1-0: Swinging Strike
1-1: Ball
2-1: Foul Ball, location: 2F
2-2: Strikes out swinging
Batting: RHB Júlio Galló 0-0: Called Strike
0-1: Swinging Strike
0-2: Strikes out swinging
Top of the 1st over - 0 run(s), 1 hit(s), 0 error(s), 1 left on base; Manhatten 0 - Cincinnati 0
BOTTOM OF THE 1ST
Cincinnati Pride batting - Pitching for Manhatten Meatheads : LHP José Acevedo
Pitching: LHP José Acevedo
Batting: RHB Larry Booth 0-0: Ball
1-0: Swinging Strike
1-1: Ball
2-1: Foul Ball, location: 2F
2-2: Strikes out swinging
Batting: RHB Gabriel Villegas 0-0: Ball
1-0: Foul Ball, location: 2F
1-1: Fly out, F8 (Flyball, 8RM)
Batting: RHB Michael Skinner 0-0: Foul Ball, location: 2F
0-1: Swinging Strike
0-2: Ball
1-2: Strikes out swinging
Bottom of the 1st over - 0 run(s), 0 hit(s), 0 error(s), 0 left on base; Manhatten 0 - Cincinnati 0
TOP OF THE 2ND
Manhatten Meatheads batting - Pitching for Cincinnati Pride : RHP Tomás Pagán
Batting: SHB José Sousa 0-0: Ball
1-0: DOUBLE (Flyball, 78M)
Batting: RHB Greg Lee 0-0: Ball
1-0: Fly out, F8 (Flyball, 8RM)
Batting: SHB Kent Phillips 0-0: SINGLE (Line Drive, 6D)
José Sousa to third
Runner from 3rd tries for Home, SAFE, no throw or cutoff
Batting: RHB Ramón Ybarra 0-0: Foul Ball, location: 2F
0-1: DOUBLE (Flyball, 8RM)
Kent Phillips to third
Batting: RHB Mark McDonald 0-0: Called Strike
0-1: Ball
1-1: SINGLE (Line Drive, 89M)
Kent Phillips scores
Ramón Ybarra to third
Runner from 3rd tries for Home, SAFE, throw made home
Mark McDonald to second
Batting: SHB Will Evans 0-0: Fly out, F8 (Flyball, 8RM)
Batting: SHB Vitaliano Capuana 0-0: Called Strike
0-1: Ball
1-1: Hit by Pitch
Batting: RHB Claudio Gonzáles 0-0: Ball
Vitaliano Capuana steals 2nd base
Mark McDonald to third
1-0: Swinging Strike
1-1: Ball
2-1: Fly out, F8 (Flyball, 8RD)
Top of the 2nd over - 3 run(s), 4 hit(s), 0 error(s), 2 left on base; Manhatten 3 - Cincinnati 0
BOTTOM OF THE 2ND
Cincinnati Pride batting - Pitching for Manhatten Meatheads : LHP José Acevedo
Batting: RHB Roberto Chávez 0-0: Ball
1-0: Ball
2-0: Ball
3-0: Called Strike
3-1: Ground out 6-3 (Groundball, 6)
Batting: RHB Randy Simons 0-0: Foul Ball, location: 2F
0-1: Ball
1-1: Ball
2-1: Called Strike
2-2: Fly out, F7 (Flyball, 78M)
Batting: SHB Rafael Villa 0-0: Called Strike
0-1: Called Strike
0-2: DOUBLE (Line Drive, 5D)
Batting: RHB Wilson Flores 0-0: Ball
1-0: Swinging Strike
Passed Ball!
Rafael Villa to third
1-1: Called Strike
1-2: Strikes out swinging
Bottom of the 2nd over - 0 run(s), 1 hit(s), 0 error(s), 1 left on base; Manhatten 3 - Cincinnati 0
TOP OF THE 3RD
Manhatten Meatheads batting - Pitching for Cincinnati Pride : RHP Tomás Pagán
Batting: RHB Júlio Galló 0-0: Ball
1-0: Called Strike
1-1: Fly out, F9 (Flyball, 9LM)
Batting: SHB José Sousa 0-0: Fly out, F9 (Line Drive, 9M)
Batting: RHB Greg Lee 0-0: Ground out 4-3 (Groundball, 4)
Top of the 3rd over - 0 run(s), 0 hit(s), 0 error(s), 0 left on base; Manhatten 3 - Cincinnati 0
BOTTOM OF THE 3RD
Cincinnati Pride batting - Pitching for Manhatten Meatheads : LHP José Acevedo
Batting: LHB Marvin Morris 0-0: DOUBLE (Flyball, 78M)
Batting: RHB Norris Howard 0-0: Fly out, F8 (Flyball, 8LM)
Runner from 2nd tags up, SAFE at 3rd with throw
Batting: RHB Larry Booth 0-0: Foul Ball, location: 2F
0-1: Ball
1-1: Foul Ball, location: 2F
1-2: Fly out, F8 (Flyball, 8RM)
Batting: RHB Gabriel Villegas 0-0: Called Strike
0-1: Foul Ball, location: 2F
0-2: Strikes out looking
Bottom of the 3rd over - 0 run(s), 1 hit(s), 0 error(s), 1 left on base; Manhatten 3 - Cincinnati 0
TOP OF THE 4TH
Manhatten Meatheads batting - Pitching for Cincinnati Pride : RHP Tomás Pagán
Batting: SHB Kent Phillips 0-0: Called Strike
0-1: Called Strike
0-2: Ball
1-2: Foul Ball, location: 2F
1-2: Foul Ball, location: 2F
1-2: Ball
2-2: Strikes out swinging
Batting: RHB Ramón Ybarra 0-0: Called Strike
0-1: Called Strike
0-2: Ball
1-2: Fly out, F9 (Flyball, 89M)
Batting: RHB Mark McDonald 0-0: SINGLE (Line Drive, 6D)
Batting: SHB Will Evans 0-0: Ball
1-0: Foul Ball, location: 2F
1-1: Ball
Mark McDonald is caught stealing 2nd base
Top of the 4th over - 0 run(s), 1 hit(s), 0 error(s), 0 left on base; Manhatten 3 - Cincinnati 0
BOTTOM OF THE 4TH
Cincinnati Pride batting - Pitching for Manhatten Meatheads : LHP José Acevedo
Batting: RHB Michael Skinner 0-0: Ball
1-0: Fly out, F4 (Popup, 34D)
Batting: RHB Roberto Chávez 0-0: Swinging Strike
0-1: Ball
1-1: Swinging Strike
1-2: Foul Ball, location: 2F
1-2: Foul Ball, location: 2F
1-2: Foul Ball, location: 2F
1-2: Strikes out swinging
Batting: RHB Randy Simons 0-0: Ball
1-0: Swinging Strike
1-1: Ground out 5-3 (Groundball, 5S)
Bottom of the 4th over - 0 run(s), 0 hit(s), 0 error(s), 0 left on base; Manhatten 3 - Cincinnati 0
TOP OF THE 5TH
Manhatten Meatheads batting - Pitching for Cincinnati Pride : RHP Tomás Pagán
Batting: SHB Will Evans 0-0: Called Strike
0-1: Swinging Strike
0-2: Strikes out looking
Batting: SHB Vitaliano Capuana 0-0: Ground out 6-3 (Groundball, 6M)
Batting: RHB Claudio Gonzáles 0-0: Foul Ball, location: 2F
0-1: Foul Ball, location: 2F
0-2: Foul Ball, location: 2F
0-2: Foul Ball, location: 2F
0-2: Ball
1-2: Strikes out swinging
Top of the 5th over - 0 run(s), 0 hit(s), 0 error(s), 0 left on base; Manhatten 3 - Cincinnati 0
BOTTOM OF THE 5TH
Cincinnati Pride batting - Pitching for Manhatten Meatheads : LHP José Acevedo
Batting: SHB Rafael Villa 0-0: Foul Ball, location: 2F
0-1: Ball
1-1: SINGLE (Groundball, 34D)
Batting: RHB Wilson Flores 0-0: Ball
1-0: Ball
2-0: Ball
3-0: Called Strike
3-1: Foul Ball, location: 2F
3-2: Fielders Choice at 2nd, 5-4 (Groundball, 5)
Batting: LHB Marvin Morris 0-0: Called Strike
0-1: Ball
1-1: Ball
2-1: Swinging Strike
2-2: Strikes out swinging
Batting: RHB Norris Howard 0-0: Foul Ball, location: 2F
0-1: Fly out, F2 (Popup, 2RF)
Bottom of the 5th over - 0 run(s), 1 hit(s), 0 error(s), 1 left on base; Manhatten 3 - Cincinnati 0
TOP OF THE 6TH
Manhatten Meatheads batting - Pitching for Cincinnati Pride : RHP Tomás Pagán
Batting: RHB Júlio Galló 0-0: Ball
1-0: Ball
2-0: Called Strike
2-1: Ball
3-1: SINGLE (Groundball, 4MD)
Batting: SHB José Sousa 0-0: Ball
1-0: Ball
2-0: Called Strike
2-1: Ball
3-1: Grounds into double play, 4-6-3 (Groundball, 4)
Batting: RHB Greg Lee 0-0: Called Strike
0-1: Called Strike
0-2: Ball
1-2: Ball
2-2: Strikes out swinging
Top of the 6th over - 0 run(s), 1 hit(s), 0 error(s), 0 left on base; Manhatten 3 - Cincinnati 0
BOTTOM OF THE 6TH
Cincinnati Pride batting - Pitching for Manhatten Meatheads : LHP José Acevedo
Batting: RHB Larry Booth 0-0: Swinging Strike
0-1: Foul Ball, location: 2F
0-2: Ball
1-2: Ball
2-2: Ball
3-2: Ground out 1-3 (Groundball, 25)
Batting: RHB Gabriel Villegas 0-0: Ball
1-0: Called Strike
1-1: Ball
2-1: Fly out, F6 (Popup, 6M)
Batting: RHB Michael Skinner 0-0: Ball
1-0: Called Strike
1-1: Ball
2-1: SINGLE (Line Drive, 6D)
Batting: RHB Roberto Chávez 0-0: Foul Ball, location: 2F
0-1: Called Strike
0-2: Ball
1-2: Ball
2-2: Ball
3-2: Strikes out swinging
Bottom of the 6th over - 0 run(s), 1 hit(s), 0 error(s), 1 left on base; Manhatten 3 - Cincinnati 0
TOP OF THE 7TH
Manhatten Meatheads batting - Pitching for Cincinnati Pride : RHP Tomás Pagán
Batting: SHB Kent Phillips 0-0: Ball
1-0: Foul Ball, location: 2F
1-1: SINGLE (Groundball, 56D)
Batting: RHB Ramón Ybarra 0-0: Ball
1-0: Foul Ball, location: 2F
1-1: Ball
2-1: Ball
3-1: Foul Ball, location: 2F
3-2: Base on Balls
Kent Phillips to second
Pitching: RHP José Crus
Batting: RHB Mark McDonald 0-0: Sac Bunt - play at first, batter safe!
Kent Phillips to third
Ramón Ybarra to second
Batting: SHB Will Evans 0-0: Ball
1-0: Fly out, F3 (Line Drive, 3L)
1-0: Fly out, F3 (Line Drive, 3L)
Batting: SHB Vitaliano Capuana 0-0: Swinging Strike
0-1: Swinging Strike
0-2: Ball
1-2: Ball
2-2: Ball
3-2: Base on Balls
Kent Phillips scores
Ramón Ybarra to third
Mark McDonald to second
Batting: RHB Claudio Gonzáles 0-0: Called Strike
0-1: Foul Ball, location: 2F
0-2: Ball
1-2: Foul Ball, location: 2F
1-2: Foul Ball, location: 2F
1-2: Reached on error, E5 (Groundball, 5)
Ramón Ybarra scores
Mark McDonald to third
Vitaliano Capuana to second
Batting: RHB Júlio Galló 0-0: Called Strike
0-1: Swinging Strike
0-2: Strikes out swinging
Batting: SHB José Sousa 0-0: Ball
1-0: Swinging Strike
1-1: Called Strike
1-2: Strikes out swinging
Top of the 7th over - 2 run(s), 2 hit(s), 1 error(s), 3 left on base; Manhatten 5 - Cincinnati 0
BOTTOM OF THE 7TH
Cincinnati Pride batting - Pitching for Manhatten Meatheads : LHP José Acevedo
Pitching: RHP Matt Johnston
Batting: RHB Randy Simons 0-0: Called Strike
0-1: Ball
1-1: Ball
2-1: Ball
3-1: Foul Ball, location: 2F
3-2: Base on Balls
Batting: SHB Rafael Villa 0-0: SINGLE (Groundball, 6MD)
Randy Simons to second
Runner from 2nd tries for 3rd, SAFE, throw made to third
Batting: RHB Wilson Flores 0-0: Ball
1-0: Bunt missed!
1-1: Foul Ball, location: 2F
1-2: Ball
2-2: Ball
3-2: SINGLE (Groundball, 56D)
Randy Simons scores
Rafael Villa to second
Batting: LHB Marvin Morris 0-0: Ball
1-0: Foul Ball, location: 2F
1-1: Foul Ball, location: 2F
1-2: Strikes out swinging
Batting: RHB Norris Howard 0-0: Grounds into double play, U5-3 (Groundball, 5L)
Bottom of the 7th over - 1 run(s), 2 hit(s), 0 error(s), 1 left on base; Manhatten 5 - Cincinnati 1
TOP OF THE 8TH
Manhatten Meatheads batting - Pitching for Cincinnati Pride : RHP José Crus
Batting: RHB Greg Lee 0-0: Foul Ball, location: 2F
0-1: Ball
1-1: Ball
2-1: Ball
3-1: Foul Ball, location: 2F
3-2: Foul Ball, location: 2F
3-2: Foul Ball, location: 2F
3-2: Foul Ball, location: 2F
3-2: Fly out, F3 (Popup, 34)
Batting: SHB Kent Phillips 0-0: Called Strike
0-1: Ball
1-1: Called Strike
1-2: Foul Ball, location: 2F
1-2: Ball
2-2: Foul Ball, location: 2F
2-2: Strikes out looking
Batting: RHB Ramón Ybarra 0-0: Foul Ball, location: 2F
0-1: Called Strike
0-2: Foul Ball, location: 2F
0-2: Strikes out swinging
Top of the 8th over - 0 run(s), 0 hit(s), 0 error(s), 0 left on base; Manhatten 5 - Cincinnati 1
BOTTOM OF THE 8TH
Cincinnati Pride batting - Pitching for Manhatten Meatheads : RHP Matt Johnston
Batting: RHB Larry Booth 0-0: Ball
1-0: Fly out, F8 (Line Drive, 8LM)
Batting: RHB Gabriel Villegas 0-0: Fly out, F2 (Popup, 2RF)
Batting: RHB Michael Skinner 0-0: Ball
1-0: SINGLE (Groundball, 6M)
Batting: RHB Roberto Chávez 0-0: Ground out 5-3 (Groundball, 5L)
Bottom of the 8th over - 0 run(s), 1 hit(s), 0 error(s), 1 left on base; Manhatten 5 - Cincinnati 1
TOP OF THE 9TH
Manhatten Meatheads batting - Pitching for Cincinnati Pride : RHP José Crus
Batting: RHB Mark McDonald 0-0: Called Strike
0-1: Ball
1-1: DOUBLE (Flyball, 8RM)
Batting: SHB Will Evans 0-0: Swinging Strike
0-1: Ball
1-1: Ball
2-1: Called Strike
2-2: Strikes out swinging
Batting: SHB Vitaliano Capuana 0-0: Ball
1-0: Ground out 6-3 (Groundball, 6)
Mark McDonald to third
Batting: RHB Claudio Gonzáles 0-0: Ball
1-0: Ball
2-0: Ball
3-0: Base on Balls
Batting: RHB Júlio Galló 0-0: Called Strike
0-1: Ball
1-1: Foul Ball, location: 2F
1-2: Foul Ball, location: 2F
1-2: Strikes out swinging
Top of the 9th over - 0 run(s), 1 hit(s), 0 error(s), 2 left on base; Manhatten 5 - Cincinnati 1
BOTTOM OF THE 9TH
Cincinnati Pride batting - Pitching for Manhatten Meatheads : RHP Matt Johnston
Batting: RHB Randy Simons 0-0: Ground out 4-3 (Groundball, 4)
Batting: SHB Rafael Villa 0-0: Ball
1-0: Foul Ball, location: 2F
1-1: Swinging Strike
1-2: Ball
2-2: Strikes out swinging
Batting: RHB Wilson Flores 0-0: Foul Ball, location: 2F
0-1: SINGLE (Groundball, 56D)
Batting: LHB Marvin Morris 0-0: Ball
1-0: Foul Ball, location: 2F
1-1: Swinging Strike
1-2: Foul Ball, location: 2F
1-2: Strikes out swinging
Bottom of the 9th over - 0 run(s), 1 hit(s), 0 error(s), 1 left on base; Manhatten 5 - Cincinnati 1
This league is powered by Out of the Park Baseball, the baseball management simulation game for PC, Mac and Linux
Saturday, April 9th, 2016 - OOTP Baseball 16.8 Build 38